Map: Ley Lines

Players

wootwoot - Winner!

  • Race: Protoss Protoss
  • League: Bronze
  • Spawn Location: 1:00

lynx

  • Race: Zerg Zerg
  • League: Master
  • Spawn Location: 7:00

VOD

Have the link to the VOD?

Description

Time

  • Played on: April 21, 2025, 9:48 a.m.
  • Length: 3:09
Show
View Real Time Build Order
Export as new Build Order

wootwoot Protoss - Winner!

Build Orders:  

Get SALT Encoding   

  12  0:01  Probe  
  13  0:13  Probe  
  14  0:25  Probe  
  15  0:33  Pylon  
  15  0:51  Gateway  
  15  0:53  Gateway  
  15  0:56  Gateway  
  15  1:08  Gateway  
  15  1:17  Pylon  
  15  1:29  Zealot  
  15  1:31  Zealot  
  17  1:43  Zealot  
  21  1:56  Zealot  
  21  1:57  Zealot  
  21  1:58  Zealot  
  27  2:03  Probe  
  28  2:10  Zealot  
  28  2:15  Probe  
  31  2:28  Pylon  
Show
View Real Time Build Order
Export as new Build Order

lynx Zerg 

Build Orders: Pool First 

Get SALT Encoding   

  12  0:05  Drone  
  13  0:08  Drone  
  14  0:18  Overlord  
  14  0:38  Extractor  
  14  0:39  Drone x3  
  16  0:51  Extractor  
  15  1:02  Drone x2  
  17  1:11  Spawning Pool  
  16  1:12  Drone  
  17  1:34  Hatchery  
  16  2:00  Zergling x6  
  19  2:02  Queen  
  21  2:29  Zergling x2  
Tags
 
Matchup
PvZ
Opening
Pool First
Replay Pack
#1B2M-Replays
Spawn Locations
Cross Positions
Add a new tag
Caveats
  • Supply blocks, unpowered buildings, or Contaminate may cause inaccurate times.
  • Supply counts are checked every 10 seconds.